 Dungeon Crawl Stone Soup version 0.29.1-13-g9f3cf754e1 (webtiles) character file.

Game seed: 13790064475760460706

85 zeram the Covered (level 4, 0/29 HPs)
             Began as a Gargoyle Fighter on Jan 23, 2023.
             Slain by a gnoll
             ... wielding a +2 halberd of protection
              (5 damage)
             ... on level 3 of the Dungeon.
             The game lasted 00:02:44 (2663 turns).

zeram the Covered (Gargoyle Fighter)                Turns: 2663, Time: 00:02:44

Health: 0/29       AC: 10    Str: 27    XL:     4   Next: 48%
Magic:  4/4        EV:  9    Int:  9    God:
Gold:   115        SH:  5    Dex:  9    Spells: 3/3 levels left

rFire   . . .      SeeInvis .   a - +0 flail
rCold   . . .      Faith    .   c - +1 buckler
rNeg    + . .      Spirit   .   b - +0 scale mail
rPois   ∞          Reflect  .   (no helmet)
rElec   +          Harm     .   (no cloak)
rCorr   +          Rampage  .   (no gloves)
Will    .....                   (no boots)
Stlth   ..........              (no amulet)
HPRegen 0.09/turn               f - +6 ring of strength
MPRegen 0.09/turn               i - ring of resist corrosion

@: no status effects
A: sickness immunity, AC +3, negative energy resistance 1, electricity
resistance, torment resistance 1, petrification resistance
a: no special abilities


You were on level 3 of the Dungeon.
You visited 1 branch of the dungeon, and saw 3 of its levels.

You collected 115 gold pieces.

Inventory:

Hand Weapons
 a - a +0 flail (weapon)
Armour
 b - a +0 scale mail (worn)
 c - a +1 buckler (worn)
Jewellery
 f - a +6 ring of strength (left hand)
 i - a ring of resist corrosion (right hand)
Wands
 e - a wand of mindburst (12)
Scrolls
 h - a scroll of identify
 j - a scroll of fear {unknown}
 l - a scroll of blinking
 m - a scroll of teleportation
Potions
 d - a potion of might
 g - 3 potions of attraction {unknown}


   Skills:
 + Level 3.7 Fighting
 + Level 2.9 Maces & Flails
 + Level 4.1 Armour
 + Level 0.4 Dodging
 + Level 3.8 Shields


You had 3 spell levels left.
You didn't know any spells.
Your spell library was empty.

Dungeon Overview and Level Annotations

Branches:
Dungeon (3/15)

Altars:


Innate Abilities, Weirdness & Mutations

You are immune to sickness and miasma.
Your stone body is resilient. (AC +3)
You are immune to poison.
You resist negative energy. (rN+)
You are resistant to electric shocks. (rElec)
You are resistant to unholy torment.
You are immune to petrification.


Message History

There are monsters nearby!
The gnoll shouts!
The gnoll hits you from afar with a +2 halberd of protection.
You sock the gnoll!
The gnoll is heavily wounded.
The gnoll closely misses you. x2
You sock the gnoll!
You kill the gnoll!
The gnoll hits you from afar with a +2 halberd of protection!
You block the gnoll's attack. The gnoll hits you but does no damage.
The gnoll barely misses you. The gnoll hits you with a +0 spear.
The gnoll hits you with a +2 halberd of protection!
Things that are here:
a +0 flail; a gnoll corpse You are too injured to fight recklessly!
You are too injured to fight recklessly!
You are too injured to fight recklessly!
You are too injured to fight recklessly!
You are too injured to fight recklessly!
You are too injured to fight recklessly!
You are too injured to fight recklessly!
You are too injured to fight recklessly!
You are too injured to fight recklessly!
You are too injured to fight recklessly!
You are too injured to fight recklessly!
Unknown command.
You hit the gnoll but do no damage. The gnoll hits you with a +0 spear.
* * * LOW HITPOINT WARNING * * *
You block the gnoll's attack.
You thump the gnoll!
The gnoll is severely wounded.
The gnoll hits you but does no damage. x2
Unknown command.
You hit the gnoll.
The gnoll is almost dead.
The gnoll misses you. The gnoll barely misses you.
You block the gnoll's attack.
The gnoll hits you with a +2 halberd of protection.
You die...

# #.#...##.#
# #.###.##.#
# #.###.##.#
# #.....##.#
#..#####.#
#..# #.#
#..#
#.##########
. ...#
#..........#
# ###.#
#.....@g...#
..#
#......g...#
. ###
#..........+
..
#...(......#
#.
#.####+#####
.. .... #.
.##.# #.


You could see 2 gnolls.

Vanquished Creatures
  A gnoll (D:3)
  2 adders
  A dart slug (D:2)
  6 ball pythons
  4 bats
  3 endoplasms
  7 goblins
  5 hobgoblins
  6 jackals (D:2)
  5 kobolds
  3 quokkas (D:1)
  4 frilled lizards
  5 rats
52 creatures vanquished.

Vanquished Creatures (others)
  7 plants (D:1)
7 creatures vanquished.

Grand Total: 59 creatures vanquished

Notes
Turn   | Place    | Note
-------+----------+-------------------------------------------
     0 | D:1      | zeram the Gargoyle Fighter began the quest for the Orb.
     0 | D:1      | Reached XP level 1. HP: 14/14 MP: 1/1
   291 | D:1      | Reached XP level 2. HP: 19/19 MP: 2/2
   915 | D:1      | Reached XP level 3. HP: 16/23 MP: 3/3
  1014 | D:1      | Found a faded altar of an unknown god.
  1549 | D:2      | Reached skill level 4 in Armour
  2027 | D:2      | Reached XP level 4. HP: 25/29 MP: 4/4
  2663 | D:3      | Slain by a gnoll

Illustrated notes

Levels and vault maps discovered:
D:1:      nzn_arrival_settlement, layout_loops_corners,
          hellmonk_ecumenical_altar_heavens_door,
          chequers_serial_rivers_micro_d, serial_bayou_lagoon_a, st_stairs_5,
          chequers_serial_rivers_large_a, minmay_indecisive_spiral
D:2:      layout_loops_ring, minmay_tromino_v4_b
D:3:      layout_basic, portal_sewer_entry_e, uniq_ijyb

Skill      XL: |  1  2  3 |
---------------+----------+-----
Armour         | 4 |  4.1
Fighting       | |  3.7
Maces & Flails | |  2.9
Dodging        | |  0.4
Shields        | |  3.8

Action                   |  1- 3 |  4- 6 || total
-------------------------+-------+-------++-------
Melee: Flail             |   149 |    33 ||   182
  Use: Scroll            |     4 |     3 ||     7
Armor: Scale mail        |    78 |    19 ||    97
Dodge: Dodged            |    78 |    17 ||    95
Block: Buckler           |    38 |     8 ||    46
